 Dungeon Crawl Stone Soup version 0.21.1-1-g345015f (webtiles) character file.

163 Monsterracer the Magician (level 5, 0/37 HPs)
             Began as a Gnoll Wizard on Mar 9, 2018.
             Was an Initiate of Ru.
             Slain by an orc wizard
             ... wielding a +0 dagger
              (5 damage)
             ... on level 2 of the Dungeon.
             The game lasted 00:04:44 (2729 turns).

Monsterracer the Magician (Gnoll Wizard)            Turns: 2729, Time: 00:04:44

Health: 0/37       AC:  2    Str: 10    XL:     5   Next: 44%
Magic:  11/14      EV: 14    Int: 21    God:    Ru [......]
Gold:   171        SH:  0    Dex: 13    Spells: 9/18 levels left

rFire    . . .     SeeInvis .   f - +0 spear
rCold    . . .     Gourm    .   (no shield)
rNeg     + . .     Faith    .   a - +0 robe
rPois    .         Spirit   .   b - +0 hat
rElec    .         Reflect  .   (no cloak)
rCorr    .         Harm     .   (no gloves)
MR       .....                  (no boots)
Stlth    +.........             (no amulet)
HPRegen  0.12/turn              l - ring of positive energy {!d}
MPRegen  0.14/turn              (no ring)

@: confused
A: distributed training, fangs 1, strong nose
a: Renounce Religion


You were on level 2 of the Dungeon.
You worshipped Ru.
Ru was noncommittal.
You were not hungry.

You visited 1 branch of the dungeon, and saw 3 of its levels.

You collected 171 gold pieces.

Inventory:

Hand Weapons
 f - a +0 spear (weapon)
Missiles
 k - 9 tomahawks (quivered)
 r - 3 javelins
Armour
 a - a +0 robe (worn)
 b - a +0 hat (worn)
Jewellery
 l - a ring of positive energy (left hand) {!d}
Scrolls
 g - 3 scrolls of amnesia {unknown}
 h - 4 scrolls of identify {unknown}
 i - 3 scrolls of remove curse {unknown}
 j - a scroll of immolation {unknown}
 n - 3 scrolls of teleportation {unknown}
 o - 2 scrolls of fear {unknown}
 p - 2 scrolls of enchant weapon {unknown}
Potions
 d - a potion of ambrosia {unknown}
 e - 2 potions of agility {unknown}
 m - 2 potions of lignification {unknown}
 q - 2 potions of curing {unknown}
Comestibles
 c - 5 rations
 s - a chunk of flesh


   Skills:
 + Level 1.4 Fighting
 + Level 1.4 Short Blades
 + Level 1.4 Long Blades
 + Level 1.4 Axes
 + Level 1.4 Maces & Flails
 + Level 1.4 Polearms
 + Level 1.4 Staves
 + Level 1.4 Slings
 + Level 1.4 Bows
 + Level 1.4 Crossbows
 + Level 1.4 Throwing
 + Level 1.4 Armour
 + Level 4.8 Dodging
 + Level 4.4 Stealth
 + Level 1.4 Shields
 + Level 1.4 Unarmed Combat
 + Level 7.3 Spellcasting
 + Level 2.4 Conjurations
 + Level 1.1 Hexes
 + Level 1.1 Charms
 + Level 2.4 Summonings
 + Level 1.1 Necromancy
 + Level 2.4 Translocations
 + Level 1.1 Transmutations
 + Level 1.1 Fire Magic
 + Level 1.1 Ice Magic
 + Level 1.1 Air Magic
 + Level 1.1 Earth Magic
 + Level 1.1 Poison Magic
   Level 1.6 Invocations
 + Level 1.4 Evocations


You had 9 spell levels left.
You knew the following spells:

 Your Spells              Type           Power        Failure   Level  Hunger
a - Magic Dart            Conj           ###.         3%          1    None
b - Conjure Flame         Conj/Fire      ###.....     12%         3    None
c - Mephitic Cloud        Conj/Pois/Air  ##......     13%         3    None
e - Blink                 Tloc           N/A          4%          2    None


Dungeon Overview and Level Annotations

Branches:
Dungeon (3/15)

Altars:
Hepliaklqana
Qazlal
Ru
Vehumet
Wu Jian
Zin


Innate Abilities, Weirdness & Mutations

Your experience applies equally to all skills.
You have very sharp teeth.
Your uncanny sense of smell can sniff out nearby items.


Message History

The orc wizard gestures at you while chanting.
You resist with some effort.
An orc comes into view. It is wielding a flail.
You now have 8/14 mp.
The giant cockroach closely misses you.
The orc wizard casts a spell.
The orc wizard flickers and vanishes!
Deactivating autopickup; reactivate with Ctrl-A.
The giant cockroach misses you. The giant cockroach barely misses you.
The giant cockroach barely misses you. The giant cockroach misses you.
The giant cockroach bites you.
You take 2 damage, and have 35/37 hp.
The giant cockroach barely misses you.
The giant cockroach bites you but does no damage.
An orc priest comes into view. It is wielding a club.
The giant cockroach bites you but does no damage.
The giant cockroach barely misses you. The giant cockroach closely misses you.
An orc comes into view.
The orc shouts!
The orc priest shouts!
The orc shouts!
The giant cockroach barely misses you. The giant cockroach misses you.
Health restored: 37 The orc priest looks encouraged for a moment.
The giant cockroach barely misses you.
There is a stone staircase leading up here.
You hit the giant cockroach.
The giant cockroach is severely wounded.
The giant cockroach misses you. The giant cockroach closely misses you.
You closely miss the giant cockroach.
The giant cockroach is severely wounded.
The giant cockroach bites you but does no damage.
You hit the giant cockroach.
You kill the giant cockroach!
You hit the orc but do no damage. Something hits you but does no damage.
The orc closely misses you.
You hit the orc.
The orc is moderately wounded.
The orc barely misses you.
You hear some strange, mumbled words.
You are confused.
The orc hits you with a short sword. The orc closely misses you.
You climb upwards.
There is a stone staircase leading down here.
You take 3 damage, and have 34/37 hp.
Unknown command.
Unknown command.
Unknown command.
You miss something. Something hits you. The orc hits you with a short sword.
The orc closely misses you.
You take 6 damage, and have 28/37 hp.
You hit something. Something hits you. The orc misses you.
You take 1 damage, and have 27/37 hp.
Something hits you. The orc misses you.
You take 1 damage, and have 26/37 hp.
Something hits you.
You see here a rat skeleton.
You take 3 damage, and have 23/37 hp.
You feel less confused. Something hits you. The orc hits you with a flail.
* * * LOW HITPOINT WARNING * * *
You take 8 damage, and have 15/37 hp.
MASSIVE DAMAGE!!
MP restored: 14 Something hits you.
* * * LOW HITPOINT WARNING * * *
You take 2 damage, and have 13/37 hp.
Casting: Magic Dart
Confirm with . or Enter, or press ? or * to list all spells.
Okay, then.
Casting: Magic Dart
Confirm with . or Enter, or press ? or * to list all spells.
Aiming: Mephitic Cloud
Press: ? - help, Shift-Dir - straight line That beam is likely to hit you.
Continue anyway? [Y]es or [N]o only, please.
That beam is likely to hit you.
Continue anyway?
The ball explodes into a vile cloud!
The stinking cloud engulfs something.
The stinking cloud engulfs the orc.
The orc is moderately wounded.
The stinking cloud engulfs the orc.
The stinking cloud engulfs you!
You are engulfed in noxious fumes.
You choke on the stench!
You are confused.
* * * LOW HITPOINT WARNING * * *
Something hits you.
* * * LOW HITPOINT WARNING * * *
The orc is engulfed in noxious fumes.
The orc appears confused.
You take 3 damage, and have 10/37 hp.
You now have 11/14 mp.
You're too confused to move!
You are engulfed in noxious fumes.
You choke on the stench!
You are more confused.
* * * LOW HITPOINT WARNING * * *
Something hits you.
* * * LOW HITPOINT WARNING * * *
You take 5 damage, and have 5/37 hp.
Unknown command.
Something hits you.
You die...

#..........# #.# #...# #....
#..........# #.###.#####..#.
#>.........###..............
#...................(###..##
#..................(.##...#
#.......................#.##
#####.#####.............#..#
#.# #....♣.....#####..
#####.#####@..♣_♣......#####
#.....[÷.o§...(♣.....#..#...
#.......§##........>(.......
#.....o.>##.................
#........##.................
#........#####..#.<....###.#
#...................(......#
#...............#....<.....#
#########.....###.........##


You could see 2 orcs.

Vanquished Creatures
  A bullfrog zombie (D:3)
  Terence (D:3)
  5 adders
  An ooze (D:3)
  A worm (D:2)
  2 dart slugs
  6 orcs (D:3)
  5 giant cockroaches
  5 goblins
  3 hobgoblins
  2 bats
  3 frilled lizards
  6 kobolds
  5 rats
46 creatures vanquished.

Vanquished Creatures (others)
  A frilled lizard (D:3)
1 creature vanquished.

Grand Total: 47 creatures vanquished

Notes
Turn   | Place    | Note
-------+----------+-------------------------------------------
     0 | D:1      | Monsterracer the Gnoll Wizard began the quest for the Orb.
     0 | D:1      | Reached XP level 1. HP: 13/13 MP: 8/8
   387 | D:1      | Reached XP level 2. HP: 19/19 MP: 7/10
   721 | D:1      | Learned a level 2 spell: Blink
   744 | D:2      | Found a faded altar of an unknown god.
   752 | D:2      | Became a worshipper of the Wu Jian Council
   752 | D:2      | Reached * piety under Wu Jian
   899 | D:2      | Reached XP level 3. HP: 25/25 MP: 8/11
  1030 | D:2      | Learned a level 3 spell: Conjure Flame
  1034 | D:2      | Learned a level 3 spell: Mephitic Cloud
  1209 | D:2      | Reached skill level 1 in Invocations
  1277 | D:2      | Found a glowing silver altar of Zin.
  1278 | D:2      | Noticed an angel
  1416 | D:3      | HP: 10/25 [bullfrog zombie (5)]
  1418 | D:3      | Reached skill level 1 in Fighting
  1418 | D:3      | Reached skill level 1 in Short Blades
  1418 | D:3      | Reached skill level 1 in Long Blades
  1418 | D:3      | Reached skill level 1 in Axes
  1418 | D:3      | Reached skill level 1 in Maces & Flails
  1418 | D:3      | Reached skill level 1 in Polearms
  1418 | D:3      | Reached skill level 1 in Staves
  1418 | D:3      | Reached skill level 1 in Slings
  1418 | D:3      | Reached skill level 1 in Bows
  1418 | D:3      | Reached skill level 1 in Crossbows
  1418 | D:3      | Reached skill level 1 in Throwing
  1418 | D:3      | Reached skill level 1 in Armour
  1418 | D:3      | Reached skill level 1 in Shields
  1418 | D:3      | Reached skill level 1 in Unarmed Combat
  1418 | D:3      | Reached skill level 1 in Evocations
  1418 | D:3      | Reached XP level 4. HP: 10/32 MP: 1/13
  1743 | D:3      | Reached skill level 1 in Hexes
  1743 | D:3      | Reached skill level 1 in Charms
  1743 | D:3      | Reached skill level 1 in Necromancy
  1743 | D:3      | Reached skill level 1 in Transmutations
  1743 | D:3      | Reached skill level 1 in Fire Magic
  1743 | D:3      | Reached skill level 1 in Ice Magic
  1743 | D:3      | Reached skill level 1 in Air Magic
  1743 | D:3      | Reached skill level 1 in Earth Magic
  1743 | D:3      | Reached skill level 1 in Poison Magic
  1778 | D:3      | Noticed Terence
  1820 | D:3      | HP: 11/32 [Terence/falchion (9)]
  1835 | D:3      | Killed Terence
  1835 | D:3      | Reached XP level 5. HP: 15/37 MP: 2/14
  2274 | D:3      | Reached ** piety under Wu Jian
  2494 | D:3      | Found a hazy altar of Hepliaklqana.
  2494 | D:3      | Found a stormy altar of Qazlal.
  2623 | D:3      | Found a sacrificial altar of Ru.
  2642 | D:3      | Found a radiant altar of Vehumet.
  2660 | D:3      | Fell from the grace of Wu Jian
  2660 | D:3      | Became a worshipper of Ru the Awakened
  2723 | D:2      | HP: 15/37 [orc/flail (5)]
  2727 | D:2      | HP: 5/37 [something (3)]
  2729 | D:2      | Slain by an orc wizard

Skill      XL: |  1  2  3  4 |
---------------+-------------+-----
Conjurations   | 2 |  2.4
Summonings     | 2 |  2.4
Translocations | 2 |  2.4
Invocations    | 1 |  1.6
Fighting       | 1 |  1.4
Short Blades   | 1 |  1.4
Long Blades    | 1 |  1.4
Axes           | 1 |  1.4
Maces & Flails | 1 |  1.4
Polearms       | 1 |  1.4
Staves         | 1 |  1.4
Slings         | 1 |  1.4
Bows           | 1 |  1.4
Crossbows      | 1 |  1.4
Throwing       | 1 |  1.4
Armour         | 1 |  1.4
Shields        | 1 |  1.4
Unarmed Combat | 1 |  1.4
Evocations     | 1 |  1.4
Hexes          | 1 |  1.1
Charms         | 1 |  1.1
Necromancy     | 1 |  1.1
Transmutations | 1 |  1.1
Fire Magic     | 1 |  1.1
Ice Magic      | 1 |  1.1
Air Magic      | 1 |  1.1
Earth Magic    | 1 |  1.1
Poison Magic   | 1 |  1.1
Dodging        | |  4.8
Stealth        | |  4.4
Spellcasting   | |  7.3

Action                   |  1- 3 |  4- 6 || total
-------------------------+-------+-------++-------
Melee: Spear             |     6 |    25 ||    31
 Cast: Magic Dart        |    62 |    60 ||   122
       Conjure Flame     |       |     3 ||     3
       Mephitic Cloud    |       |     2 ||     2
       Blink             |       |     1 ||     1
Invok: Lunge             |     2 |       ||     2
       Wall Jump         |       |     1 ||     1
  Eat: Chunk             |     1 |     4 ||     5
Armor: Robe              |     4 |     6 ||    10
Dodge: Dodged            |    11 |    31 ||    42

Vault maps used:
D:1:      saegor_arrival_under_anarchy, hangedman_abyss_or_decor_stabs, hex_tiny
D:2:      zin_angel, chequers_ecumenical_altar_simple
D:3:      nicolae_ru_the_path_less_chosen, gammafunk_temple_overflow_statue,
          fiery_altar_vehumet, uniq_ijyb, uniq_terence
